 Dungeon Crawl Stone Soup version 0.31-a0-1071-gaead2f62b1 (webtiles) character file.

Game seed: 4835737141037635346

900 RepHenryClay the Cudgeller (level 8, -3/62 HPs)
             Began as a Ghoul Warper on Nov 26, 2023.
             Slain by a killer bee (6 damage)
             ... on level 5 of the Dungeon.
             The game lasted 00:06:50 (4198 turns).

RepHenryClay the Cudgeller (Ghoul Warper)           Turns: 4198, Time: 00:06:50

Health: -3/62      AC:  8    Str: 17    XL:     8   Next: 7%
Magic:  9/9        EV: 11    Int: 12    God:
Gold:   266        SH:  0    Dex:  8    Spells: 6/10 levels left

rFire   . . .        a - +0 flail
rCold   + . .        (no shield)
rNeg    + + +        j - +0 ring mail
rPois   ∞            g - +0 helmet
rElec   .            (no cloak)
rCorr   .            (no gloves)
SInv    .            t - +0 pair of boots
Will    .....        (no amulet) Stlth
                     (no ring)
HPRegen 0.00/turn    (no ring)
MPRegen 0.11/turn

%: no passive effects
@: mighty, inhibited regen
A: claws 1, cold resistance 1, negative energy resistance 3, inhibited
regeneration, torment resistance 2, devour on kill
a: no special abilities


You were on level 5 of the Dungeon.
You visited 1 branch of the dungeon, and saw 5 of its levels.

You collected 266 gold pieces.

Inventory:

Hand Weapons
 a - a +0 flail (weapon)
Missiles
 d - 7 darts of dispersal (quivered)
Armour
 g - a +0 helmet (worn)
 j - a +0 ring mail (worn)
 o - a +2 robe of fire resistance
 t - a +0 pair of boots (worn)
Jewellery
 f - a +6 ring of intelligence
Wands
 b - a wand of quicksilver (4)
Scrolls
 c - a scroll of blinking
 e - 6 scrolls of identify {unknown}
 h - a scroll of silence {unknown}
 i - 8 scrolls of teleportation {unknown}
 k - 3 scrolls of enchant weapon {unknown}
 l - a scroll of noise {unknown}
 m - a scroll of revelation {unknown}
 n - 3 scrolls of vulnerability {unknown}
 r - a scroll of fog {unknown}
 w - a scroll of enchant armour {unknown}
 y - a scroll of brand weapon {unknown}
Potions
 p - a potion of might
 q - 3 potions of curing {unknown}
 s - a potion of haste {unknown}
 u - a potion of lignification {unknown}
 v - 2 potions of enlightenment {unknown}
 x - 2 potions of heal wounds {unknown}
 z - a potion of degeneration {unknown}


   Skills:
 - Level 2.6 Fighting
 + Level 5.8 Maces & Flails
 - Level 1.1 Throwing
 + Level 5.4 Armour
 - Level 2.0 Dodging
 - Level 1.9 Spellcasting
 - Level 2.8 Translocations


You had 6 spell levels left.
You knew the following spells:

 Your Spells              Type           Power      Damage    Failure   Level
a - Blink                 Tloc           16%        N/A       22%         2
b - Lesser Beckoning      Tloc           16%        N/A       22%         2

Your spell library contained the following spells:

 Spells                   Type           Power      Damage    Failure   Level
 Apportation              Tloc           16%        N/A       14%         1
 Teleport Other           Tloc           8%         N/A       41%         3
 Necrotise                Necr           4%         1d4       43%         1
 Summon Small Mammal      Summ           4%         N/A       43%         1
 Hailstorm                Conj/Ice       1%         3d3       82%         3
 Manifold Assault         Tloc           8%         N/A       82%         4
 Vhi's Electric Charge    Tloc/Air       8%         N/A       95%         4
 Summon Ice Beast         Ice/Summ       1%         N/A       99%         4
 Simulacrum               Ice/Necr       0%         N/A       100%        6


Dungeon Overview and Level Annotations

Branches:
Dungeon (5/15)
 Temple: D:4-7

Altars:
Fedhas
Ru

Annotations:
D:5 Eustachio


Innate Abilities, Weirdness & Mutations

You are immune to poison.
You have sharp fingernails.
Your flesh is cold resistant. (rC+)
You are immune to negative energy. (rN+++)
You do not regenerate when monsters are visible.
You are immune to unholy pain and torment.
You thrive by killing the living.


Message History

You closely miss the killer bee. The killer bee stings you!
* * * LOW HITPOINT WARNING * * *
The killer bee barely misses you. x2
Huge Dmg: -13%(-8hp) hp: 26%(16hp) Level annotation: Eustachio Welcome back, RepHenryClay the Ghoul Warper.
Press ? for a list of commands and other information.
It was a potion of might.
You feel very mighty all of a sudden. The killer bee stings you.
* * * LOW HITPOINT WARNING * * *
The killer bee completely misses you.
You thump the killer bee!
The killer bee is heavily wounded.
The killer bee stings you.
* * * LOW HITPOINT WARNING * * *
The killer bee misses you.
Huge Dmg: -5%(-3hp) hp: 18%(11hp) Level annotation: Eustachio Welcome back, RepHenryClay the Ghoul Warper.
Press ? for a list of commands and other information.
You miss the killer bee.
The killer bee is heavily wounded.
The killer bee stings you.
* * * LOW HITPOINT WARNING * * *
The killer bee stings you but does no damage.
Huge Dmg: -8%(-5hp) hp: 10%(6hp) Level annotation: Eustachio Welcome back, RepHenryClay the Ghoul Warper.
Press ? for a list of commands and other information.
You miss the killer bee.
The killer bee is heavily wounded.
The killer bee stings you but does no damage. x2
You barely miss the killer bee.
The killer bee is heavily wounded.
The killer bee stings you.
* * * LOW HITPOINT WARNING * * *
The killer bee stings you but does no damage.
The killer bee stings you.
You die...

#.# ####+###...#####
#.#.........###
#.............#
#.#........#..#
##.#####+#.....#
#......#.#.#...#
#......#.#.#...#
#..######......#.#.#...##
......y@........[........
...######...###...<...#.#
#...# #.......#.# #...#
#.......#.# ######...#
#.......#.# #.......##
#.......#.#
..8...8..####'###.##..
..........# #.# #.####
....8.....# #.# #.####


You could see a killer bee.

Vanquished Creatures
  An ice beast (D:5)
  A phantom (D:2)
  4 scorpions
  4 killer bees (D:5)
  2 hounds (D:5)
  An orc priest (D:2)
  A jelly (D:4)
  Robin (D:2)
  3 gnolls (D:4)
  5 adders
  2 worms
  3 dart slugs
  9 orcs
  13 ball pythons
  6 endoplasms
  5 giant cockroaches
  16 goblins
  13 hobgoblins
  3 jackals (D:1)
  9 quokkas
  4 bats (D:3)
  2 frilled lizards
  3 kobolds
  5 rats
116 creatures vanquished.

Notes
Turn   | Place    | Note
-------+----------+-------------------------------------------
     0 | D:1      | RepHenryClay the Ghoul Warper began the quest for the Orb.
     0 | D:1      | Reached XP level 1. HP: 17/17 MP: 2/2
    59 | D:1      | Reached skill level 1 in Throwing
    59 | D:1      | Reached skill level 1 in Armour
   103 | D:1      | Reached XP level 2. HP: 11/25 MP: 3/3
   384 | D:1      | Reached XP level 3. HP: 4/30 MP: 4/4
   499 | D:1      | You fall into a shaft and drop 1 floor!
  1276 | D:2      | Reached XP level 4. HP: 37/37 MP: 5/5
  1515 | D:2      | Learned a level 2 spell: Blink
  1518 | D:2      | Learned a level 2 spell: Lesser Beckoning
  1642 | D:2      | Noticed a phantom
  1649 | D:2      | Noticed Robin
  1663 | D:2      | Killed a phantom
  1664 | D:2      | Reached XP level 5. HP: 8/42 MP: 6/6
  1776 | D:2      | Killed Robin
  1795 | D:2      | Found a faded altar of an unknown god.
  2228 | D:3      | Reached XP level 6. HP: 50/50 MP: 7/7
  2416 | D:3      | Found a blossoming altar of Fedhas.
  3500 | D:4      | Reached XP level 7. HP: 32/56 MP: 8/8
  3658 | D:5      | Entered Level 5 of the Dungeon
  3748 | D:5      | Found a sacrificial altar of Ru.
  3767 | D:5      | Reached skill level 5 in Maces & Flails
  3820 | D:5      | Noticed Eustachio
  4110 | D:5      | Reached skill level 5 in Armour
  4192 | D:5      | Reached XP level 8. HP: 24/62 MP: 9/9
  4198 | D:5      | HP: 3/62 [killer bee (3)]
  4198 | D:5      | Slain by a killer bee

Illustrated notes

Levels and vault maps discovered:
D:1:      minmay_arrival_three_doors, layout_loops_ring
D:2:      layout_rooms, dilly_ecumenical_altar_fadedgnrine, uniq_robin
D:3:      layout_basic, mainiacjoe_overflow_small_starburst
D:4:      layout_loops_ring, mainiacjoe_overflow_six_doors_small,
          minmay_misc_feat_columns, serial_library_hellmonk_statue_hall
D:5:      layout_basic, nemelex_diamond_rough_becter,
          mainiacjoe_overflow_tiny_flanked, gammafunk_temple_overflow_elements,
          grunt_ministairs_10, uniq_ijyb, uniq_eustachio

Skill      XL: |  1  2  3  4  5  6  7 |
---------------+----------------------+-----
Throwing       | 1 |  1.1
Armour         | 1 2 3 4 5 |  5.4
Maces & Flails | 2 3 4 5 |  5.8
Dodging        | 2 |  2.0
Fighting       | |  2.6
Spellcasting   | |  1.9
Translocations | |  2.8

Action                     |  1- 3 |  4- 6 |  7- 9 || total
---------------------------+-------+-------+-------++-------
  Melee: Mace              |   160 |    73 |       ||   233
         Punch             |     1 |     2 |     3 ||     6
         Flail             |       |   174 |    86 ||   260
  Evoke: Wand              |       |       |     3 ||     3
    Use: Potion            |       |     1 |     1 ||     2
   Stab: Invisible         |       |     3 |       ||     3
 Armour: Leather armour    |    64 |       |       ||    64
         Ring mail         |    31 |   174 |    68 ||   273
  Dodge: Dodged            |   105 |   171 |    72 ||   348

Table legend: (Time is in decaauts)
 A = Elapsed time spent in this place.
 B = Non-inter-level travel time spent in this place.
 C = Inter-level travel time spent in this place.
 D = Time resting spent in this place.
 E = Time spent auto-exploring this place.
 F = Levels seen in this place.
 G = Mean time per level.
                   A        B        C        D        E       F      G
               +--------+--------+--------+--------+--------+-----+--------+
         Total |   4311 |   4118 |    193 |    148 |   2912 |   5 |  862.2 |
       Dungeon |   4311 |   4118 |    193 |    148 |   2912 |   5 |  862.2 |
               +--------+--------+--------+--------+--------+-----+--------+

Top non-repeatable levels by time:
     D:1: 1116 daAuts
     D:4: 1049 daAuts
     D:2: 873 daAuts
     D:3: 784 daAuts
     D:5: 488 daAuts
